 Dungeon Crawl Stone Soup version 0.28.0-49-g6dfe1f597d (webtiles) character file.

Game seed: 1362599391558392465

63 bnorton916 the Firebug (level 3, 0/19 HPs)
             Began as a Deep Elf Fire Elementalist on May 19, 2022.
             Slain by Ijyb
             ... wielding a +0 club
              (3 damage)
             ... while paralysed by Ijyb
             ... on level 3 of the Dungeon.
             The game lasted 00:02:20 (2966 turns).

bnorton916 the Firebug (Deep Elf Fire Elementalist) Turns: 2966, Time: 00:02:21

Health: 0/19       AC:  2    Str:  5    XL:     3   Next: 89%
Magic:  7/10       EV:  2    Int: 21    God:
Gold:   138        SH:  0    Dex: 15    Spells: 8/9 levels left

rFire   . . .      SeeInvis .   (no weapon)
rCold   . . .      Faith    .   (no shield)
rNeg    . . .      Spirit   .   a - +0 robe
rPois   .          Reflect  .   (no helmet)
rElec   .          Harm     .   (no cloak)
rCorr   .          Rampage  .   (no gloves)
Will    .....                   (no boots)
Stlth   ++........              e - amulet of the acrobat
HPRegen 0.06/turn               (no ring)
MPRegen 0.12/turn               (no ring)

@: paralysed, very slightly contaminated
A: no striking features
a: no special abilities


You were on level 3 of the Dungeon.
You visited 1 branch of the dungeon, and saw 3 of its levels.

You collected 138 gold pieces.

Inventory:

Hand Weapons
 j - the +8 shortbow of Unuqizo {vorpal, rF+ Str+5}
   (You found it on level 2 of the Dungeon)

   Any ammunition fired from it inflicts extra damage upon your enemies.
   Str:       It affects your strength (+5).
   rF:        It protects you from fire.
Armour
 a - a +0 robe (worn)
Jewellery
 b - an amulet of reflection
 c - an amulet of regeneration
 e - an amulet of the acrobat (around neck)
 i - an amulet of the acrobat
Scrolls
 d - 3 scrolls of teleportation {unknown}
 f - a scroll of amnesia {unknown}
 g - a scroll of torment {unknown}
 h - 4 scrolls of identify {unknown}
Potions
 k - a potion of cancellation {unknown}
 l - 2 potions of flight {unknown}
 m - a potion of might {unknown}


   Skills:
 - Level 3.0 Dodging
 - Level 3.1 Stealth
 + Level 3.8 Spellcasting
 + Level 2.1 Conjurations
 + Level 3.8 Fire Magic


You had 8 spell levels left.
You knew the following spells:

 Your Spells              Type           Power      Damage    Failure   Level
a - Foxfire               Conj/Fire      64%        2x1d7     3%          1

Your spell library contained the following spells:

 Spells                   Type           Power      Damage    Failure   Level
 Scorch                   Fire           40%        2d7       3%          2
 Conjure Flame            Conj/Fire      16%        6-21      11%         3
 Animate Skeleton         Necr           6%         N/A       12%         1
 Pain                     Necr           12%        1d4       12%         1
 Inner Flame              Hex/Fire       12%        N/A       17%         3
 Corpse Rot               Necr/Air       6%         N/A       19%         2
 Flame Wave               Conj/Fire      16%        2d6       34%         4
 Vampiric Draining        Necr           3%         2d6       36%         3
 Dispel Undead            Necr           3%         3d7       77%         4
 Death Channel            Necr           1%         N/A       100%        6


Dungeon Overview and Level Annotations

Branches:
Dungeon (3/15)

Altars:
Xom

Annotations:
D:3 Ijyb


Message History

l - 2 orange potions (gained 1)
You now have 138 gold pieces (gained 6).
Found a leather armour.
You see here a +0 leather armour.
You open the door.
Ijyb and a kobold come into view.
Ijyb is wielding a +0 club and carrying a wand of paralysis (6).
Found a scroll labelled POS NAAJEQINN.
There are monsters nearby!
There are monsters nearby!
Casting: Foxfire (safe; 3% risk of failure)
Confirm with . or Enter, or press ? or * to list all spells.
You conjure some foxfire!
Ijyb shouts!
The kobold shouts!
The foxfire hits the kobold!
You kill the kobold!
Casting: Foxfire (safe; 3% risk of failure)
Confirm with . or Enter, or press ? or * to list all spells.
You conjure some foxfire!
Casting: Foxfire (safe; 3% risk of failure)
Confirm with . or Enter, or press ? or * to list all spells.
You conjure some foxfire!
The foxfire hits Ijyb.
Ijyb is lightly wounded.
Your foxfire dissipates!
Casting: Foxfire (safe; 3% risk of failure)
Confirm with . or Enter, or press ? or * to list all spells.
You miscast Foxfire.
You are very lightly contaminated with residual magic.
Nothing appears to happen.
The foxfire hits Ijyb but does no damage.
Ijyb is lightly wounded.
Ijyb zaps a wand.
You suddenly lose the ability to move!
Ijyb hits you with a +0 club. Ijyb hits you with a +0 club.
Ijyb hits you with a +0 club!
* * * LOW HITPOINT WARNING * * *
Ijyb hits you with a +0 club.
* * * LOW HITPOINT WARNING * * *
Ijyb hits you with a +0 club.
You die...

.... .... ..?# ...#
....# #....#
##############g....#
#....ยง......[@.....+
#.############)..###
.. #.# .....# .# #.#
.....# .###.########
.....# ...#........+
.....# ...###...##.#
.....# ....##......#
...... ....#....##.#


You could see Ijyb.

Vanquished Creatures
  An adder (D:2)
  2 worms
  A dart slug (D:1)
  An orc (D:3)
  4 ball pythons
  3 bats
  2 endoplasms
  4 goblins
  5 hobgoblins
  4 quokkas
  4 frilled lizards
  4 kobolds
  9 rats
44 creatures vanquished.

Vanquished Creatures (others)
  189 foxfires
189 creatures vanquished.

Grand Total: 233 creatures vanquished

Notes
Turn   | Place    | Note
-------+----------+-------------------------------------------
     0 | D:1      | bnorton916 the Deep Elf Fire Elementalist began the quest
                  | for the Orb.
     0 | D:1      | Reached XP level 1. HP: 10/10 MP: 6/6
    89 | D:1      | You fall into a shaft and drop 1 floor!
   518 | D:1      | Reached XP level 2. HP: 15/15 MP: 6/8
  1510 | D:1      | Found a faded altar of an unknown god.
  1607 | D:2      | Reached XP level 3. HP: 19/19 MP: 6/9
  2122 | D:2      | Identified the +8 shortbow of Unuqizo {vorpal, rF+ Str+5}
  2232 | D:2      | Found a shimmering altar of Xom.
  2953 | D:3      | Noticed Ijyb
  2961 | D:3      | Paralysed by Ijyb for 6 turns
  2966 | D:3      | Slain by Ijyb

Illustrated notes

Levels and vault maps discovered:
D:1:      wander_arrival_estate, layout_loops_ring,
          dreamdust_ecumenical_altar_hidden_monk_grotto
D:2:      layout_loops_ring, basic_altar, minmay_tetromino_o4
D:3:      layout_basic, dk_vineyard_2, uniq_ijyb, uniq_crazy_yiuf_cottage

Skill      XL: |  1  2  3 |
---------------+----------+-----
Stealth        | 3 |  3.1
Dodging        | 3 |  3.0
Conjurations   | 2 |  2.1
Spellcasting   | |  3.8
Fire Magic     | |  3.8

Action                   || total
-------------------------++-------
 Cast: Foxfire           ||   127
Armor: Robe              ||     2
Dodge: Dodged            ||    11
Block: Other             ||     5
